 Dungeon Crawl Stone Soup version 0.17-a0-1941-gcc30b76 (webtiles) character file.

63 Ordine the Firebug (level 4, -3/24 HPs)
             Began as a Gargoyle Fire Elementalist on Sept 30, 2015.
             Slain by Sigmund
             ... wielding a +0 scythe
              (13 damage)
             ... on level 2 of the Dungeon.
             The game lasted 00:06:53 (1941 turns).

Ordine the Firebug (Gargoyle Fire Elementalist)     Turns: 1941, Time: 00:06:53

Health: -3/24      AC:  6    Str: 11    XL:     4   Next: 9%
Magic:  2/8        EV: 12    Int: 17    God:
Gold:   108        SH:  0    Dex: 10    Spells: 2 memorised, 5 levels left

rFire  . . .     SeeInvis .     i - +1 whip
rCold  . . .     Clarity  .     a - +0 robe
rNeg   + . .     SustAt   .     (no shield)
rPois  ∞         Gourm    .     (no helmet)
rElec  +         Spirit   .     (no cloak)
rCorr  .         Warding  .     q - +0 pair of gloves
rMut   .         Stasis   .     (no boots)
MR     .....                    (no amulet)
Stlth  ++........               (no ring)
                                (no ring)

@: not resistant to hostile enchantments, unstealthy
A: negative energy resistance 1, electricity resistance, unbreathing,
petrification resistance, rot immunity, AC +3
a: no special abilities


You were on level 2 of the Dungeon.
You were near starving.

You visited 1 branch of the dungeon, and saw 3 of its levels.

You collected 108 gold pieces.

Inventory:

Hand weapons
 g - a +0 club
 i - a +1 whip (weapon)
Armour
 a - a +0 robe (worn)
 q - a +0 pair of gloves (worn)
Scrolls
 e - a scroll of enchant weapon
 j - a scroll of remove curse
Potions
 d - 2 potions of invisibility
 m - 2 potions of ambrosia
Books
 b - a book of Flames

   Spells                             Type                      Level
   a - Flame Tongue                   Conjuration/Fire             1
   b - Throw Flame                    Conjuration/Fire             2
   c - Conjure Flame                  Conjuration/Fire             3
   d - Inner Flame                    Hexes/Fire                   3
   e - Sticky Flame                   Conjuration/Fire             4
   f - Fireball                       Conjuration/Fire             5
 f - a book of Maledictions

   Spells                             Type                      Level
   a - Corona                         Hexes                        1
   b - Ensorcelled Hibernation        Hexes/Ice                    2
   c - Confuse                        Hexes                        3
   d - Tukima's Dance                 Hexes                        3
   e - Dazzling Spray                 Conjuration/Hexes            3
Comestibles
 c - 2 bread rations
 k - 2 meat rations
 o - 3 fruits


   Skills:
 - Level 1.5 Dodging
 - Level 2.1 Stealth
 * Level 3.0 Spellcasting
 + Level 2.3 Conjurations
 + Level 3.5 Fire Magic


You had 5 spell levels left.
You knew the following spells:

 Your Spells              Type           Power        Failure   Level  Hunger
a - Flame Tongue          Conj/Fire      ##...        6%          1    None
b - Conjure Flame         Conj/Fire      ##......     17%         3    ###....


Dungeon Overview and Level Annotations

Branches:
Dungeon (3/15)

Altars:
Okawaru

Annotations:
D:2 Ijyb, Sigmund


Innate Abilities, Weirdness & Mutations

You are resistant to torment.
Your stone body is resilient (AC +3).
You are immune to poison.
You resist negative energy.
You are resistant to electric shocks.
You can survive without breathing.
You are immune to petrification.
You are immune to rotting.


Message History

Ijyb is severely wounded.
Ijyb hits you but does no damage.
You are near starving!
Casting: Flame Tongue
Confirm with . or Enter, or press ? or * to list all spells.
Aiming: Flame Tongue
Press: ? - help, Shift-Dir - straight line, f/p - Ijyb
Aim: Ijyb, wearing a glowing scale mail (heavily wounded)
The flame tongue hits Ijyb.
Ijyb resists.
Ijyb is severely wounded.
Ijyb barely misses you. Something hits you. Ijyb hits you but does no damage.
Sigmund appears from thin air!
Reactivating autopickup.
Ijyb screams, "Me stronger than you!"
Ijyb screams, "No!
No, no, no, no!"
There are monsters nearby!
Sigmund hits you from afar with a scythe!
Ouch! That really hurt!
You die...

.....# #..#..#§# # ######
####..#.##.# # #..........# #
#.##..#.#### #
###########.##..#.# #
............##..#.###############
###########.##@.#..............##
#.##.g##############.##
#.##..@................
#.##.##################
#.##...................
#.##################### ###


You could see Sigmund and Ijyb.

Vanquished Creatures
  An adder (D:2)
  2 oozes
  6 giant geckos
  An orc (D:3)
  2 bats
  A giant cockroach (D:1)
  6 hobgoblins (D:1)
  4 jackals (D:1)
  A quokka (D:2)
  A giant newt (D:1)
  3 goblins
  5 kobolds
  4 rats
37 creatures vanquished.

Notes
Turn   | Place    | Note
--------------------------------------------------------------
     0 | D:1      | Ordine the Gargoyle Fire Elementalist began the quest for the Orb.
     0 | D:1      | Reached XP level 1. HP: 10/10 MP: 3/3
   225 | D:1      | Reached XP level 2. HP: 12/15 MP: 0/5
   831 | D:1      | Reached XP level 3. HP: 19/19 MP: 4/6
  1188 | D:2      | You fall through a shaft!
  1381 | D:2      | Learned a level 3 spell: Conjure Flame
  1422 | D:2      | Reached XP level 4. HP: 24/24 MP: 3/8
  1543 | D:2      | Found an iron altar of Okawaru.
  1883 | D:2      | Noticed Ijyb
  1886 | D:2      | Noticed Sigmund
  1941 | D:2      | Slain by Sigmund

Vault maps used:
D:1:      lemuel_arrival_behind_the_door_small, minmay_misc_feat_hallway
D:2:      lemuel_doored_altar, kennysheep_generic_room_7, uniq_sigmund,
          uniq_iyjb
D:3:      nicolae_overflow_hidden_temple, grunt_gozag_statues,
          minmay_misc_feat_rows, minmay_misc_feat_room

Action                   |  1- 3 |  4- 6 || total
-------------------------+-------+-------++-------
Melee: Unarmed           |    12 |       ||    12
       Whip              |    10 |     1 ||    11
 Cast: Flame Tongue      |    61 |    19 ||    80
  Use: Scroll            |     6 |       ||     6
  Eat: Chunk             |     2 |       ||     2
